Map: Bel'Shir Vestige LE (Void)

Players

Tesserakt - Winner!

  • Race: Zerg Zerg
  • League: Master
  • Spawn Location: 11:00

Railgan

  • Race: Protoss Protoss
  • League: Grandmaster
  • Spawn Location: 5:00

VOD

Have the link to the VOD?

Description

Time

  • Played on: March 18, 2017, 3:59 p.m.
  • Length: 6:18
Show
View Real Time Build Order
Export as new Build Order

Tesserakt Zerg - Winner!

Build Orders: Hatch First 

Get SALT Encoding   

  12  0:00  Drone  
  13  0:17  Overlord  
  13  0:19  Drone  
  14  0:35  Drone x2  
  16  0:40  Drone  
  17  0:55  Drone  
  17  0:56  Hatchery  
  17  1:00  Drone  
  18  1:09  Extractor  
  17  1:14  Spawning Pool  
  17  1:17  Drone  
  17  1:22  Drone  
  18  1:35  Drone  
  19  1:49  Overlord  
  19  1:56  Drone  
  19  2:00  Queen  
  22  2:08  Zergling x2  
  23  2:09  Zergling x2, Queen  
  27  2:15  Zergling x2  
  27  2:16  Metabolic Boost  
  27  2:19  Zergling x2  
  28  2:27  Zergling x2  
  29  2:36  Zergling x2  
  30  2:39  Evolution Chamber  
  30  2:40  Overlord  
  30  2:41  Zergling x2  
  30  2:48  Zergling x2  
  31  2:54  Zergling x2  
  32  3:00  Zergling x2  
  33  3:06  Zergling x2  
  33  3:09  Zergling x2  
  35  3:15  Zergling x8  
  35  3:18  Zergling x6  
  40  3:26  Zergling x2  
  41  3:44  Zergling x4  
  43  3:55  Zergling x4  
  40  4:04  Overlord  
  40  4:05  Zergling x8  
  41  4:25  Zergling x6  
  41  4:26  Zergling x8  
  46  4:31  Zergling x2  
  46  4:35  Zergling x8  
  47  4:45  Zergling x2  
  47  4:49  Zergling x2  
  48  4:54  Zergling x2  
  43  5:08  Zergling x16  
  50  5:18  Zergling x4  
  49  5:33  Zergling x6  
  49  5:41  Zergling x12  
  51  5:46  Spore Crawler x2  
  44  5:52  Zergling x4  
  44  6:01  Drone  
  44  6:06  Roach Warren  
Show
View Real Time Build Order
Export as new Build Order

Railgan Protoss 

Build Orders: Nexus First 

Get SALT Encoding   

  12  0:01  Probe (Chrono Boost)  
  13  0:11  Probe (Chrono Boost)  
  14  0:22  Probe (Chrono Boost)  
  14  0:25  Pylon  
  15  0:43  Probe (Chrono Boost)  
  16  0:54  Probe (Chrono Boost)  
  17  1:02  Nexus  
  17  1:04  Probe (Chrono Boost)  
  18  1:15  Probe (Chrono Boost)  
  18  1:18  Gateway  
  19  1:26  Gateway  
  19  1:31  Probe (Chrono Boost)  
  19  1:32  Assimilator  
  20  1:41  Probe (Chrono Boost)  
  20  1:46  Assimilator  
  21  1:52  Probe (Chrono Boost)  
  22  2:01  Pylon  
  22  2:02  Probe (Chrono Boost)  
  22  2:05  Cybernetics Core  
  23  2:14  Probe x2 (Chrono Boost)  
  25  2:24  Probe (Chrono Boost)  
  25  2:25  Zealot, Probe (Chrono Boost)  
  29  2:31  Zealot  
  29  2:35  Probe (Chrono Boost)  
  31  2:37  Probe (Chrono Boost)  
  31  2:38  Warp Gate  
  32  2:48  Mothership Core (Chrono Boost)  
  34  2:53  Gateway  
  34  2:55  Probe (Chrono Boost)  
  36  3:05  Twilight Council, Probe (Chrono Boost)  
  36  3:10  Probe (Chrono Boost)  
  37  3:16  Probe (Chrono Boost)  
  38  3:20  Adept x2  
  38  3:21  Probe (Chrono Boost)  
  43  3:31  Pylon  
  42  3:36  Probe (Chrono Boost)  
  42  3:48  Adept, Probe (Chrono Boost)  
  42  3:52  Stalker  
  48  4:00  Pylon  
  40  4:05  Pylon  
  40  4:08  Probe x2 (Chrono Boost)  
  40  4:17  Adept  
  40  4:22  Adept  
  41  4:35  Probe (Chrono Boost)  
  41  4:36  Probe (Chrono Boost)  
  36  4:59  Adept  
  35  5:00  Pylon, Adept  
  35  5:02  Pylon  
  35  5:04  Probe x2 (Chrono Boost)  
  31  5:16  Probe x2 (Chrono Boost)  
  30  5:28  Probe x2 (Chrono Boost)  
  31  5:34  Adept x2  
  29  5:41  Pylon  
  21  5:45  Probe (Chrono Boost)  
  21  5:46  Probe (Chrono Boost)  
  18  5:54  Adept  
  17  6:07  Probe (Chrono Boost)  
Tags
 
Add a new tag
Caveats
  • Supply blocks, unpowered buildings, or Contaminate may cause inaccurate times.
  • Supply counts are checked every 10 seconds.